 Dungeon Crawl Stone Soup version 0.26-a0-497-g0187308201 (webtiles) character file.

Game seed: 3929660921254793525

154 Devinter the Poker (level 5, -1/41 HPs)
             Began as a Merfolk Warper on Aug 6, 2020.
             Was an Initiate of Okawaru.
             Slain by an ogre
             ... wielding a +0 giant club
              (17 damage)
             ... on level 3 of the Dungeon.
             The game lasted 00:19:58 (2443 turns).

Devinter the Poker (Merfolk Warper)                 Turns: 2443, Time: 00:19:58

Health: -1/41      AC:  3    Str: 12    XL:     5   Next: 36%
Magic:  8/8        EV: 13    Int: 12    God:    Okawaru [......]
Gold:   189        SH:  0    Dex: 14    Spells: 4/9 levels left

rFire    + . .     SeeInvis .   j - +0 trident
rCold    . . .     Faith    .   (no shield)
rNeg     . . .     Spirit   .   b - +0 leather armour
rPois    .         Reflect  .   (no helmet)
rElec    .         Harm     .   (no cloak)
rCorr    .         Rnd*Tele +   (no gloves)
MR       .....                  (no boots)
Stlth    +.........             c - amulet of regeneration
HPRegen  0.53/turn              g - ring of teleportation (curse)
MPRegen  0.11/turn              l - ring of protection from fire

@: no status effects
A: change form in water, swift swim, stealthy swim
a: Renounce Religion


You were on level 3 of the Dungeon.
You worshipped Okawaru.
Okawaru was noncommittal.
You visited 1 branch of the dungeon, and saw 3 of its levels.

You collected 189 gold pieces.

Inventory:

Hand Weapons
 a - a +0 spear
 i - a +0 dagger of electrocution
 j - a +0 trident (weapon)
Missiles
 e - a boomerang of dispersal (quivered)
 p - 15 bolts
 u - 9 arrows
Armour
 b - a +0 leather armour (worn)
Jewellery
 c - an amulet of regeneration (around neck)
 g - a cursed ring of teleportation (left hand)
 l - a ring of protection from fire (right hand)
 n - a +6 ring of strength {unknown}
Scrolls
 d - a scroll of blinking
 q - 2 scrolls of remove curse {unknown}
 r - 3 scrolls of identify {unknown}
 s - a scroll of immolation {unknown}
 t - a scroll of enchant armour {unknown}
Potions
 f - a potion of invisibility {unknown}
 h - a potion of might {unknown}
 k - 3 potions of curing {unknown}
 m - a potion of heal wounds {unknown}
 o - a potion of brilliance {unknown}
 v - a potion of flight {unknown}
 w - a potion of haste {unknown}


   Skills:
 - Level 3.0 Fighting
 * Level 5.7 Polearms
 - Level 1.0 Throwing
 - Level 1.0 Armour
 * Level 3.1 Dodging
 + Level 2.5 Spellcasting
 + Level 2.8 Translocations
 + Level 0.1 Invocations


You had 4 spell levels left.
You knew the following spells:

 Your Spells              Type           Power        Failure   Level
a - Blink                 Tloc           N/A          16%         2
b - Gell's Gravitas       Tloc           #.........   30%         3

Your spell library contained the following spells:

 Spells                   Type           Power        Failure   Level
 Lesser Beckoning         Tloc           #.........   30%         3
 Teleport Other           Tloc           #.......     30%         3
 Passage of Golubria      Tloc           N/A          69%         4


Dungeon Overview and Level Annotations

Branches:
Dungeon (3/15)

Altars:
Kikubaaqudgha
Okawaru
Uskayaw
Xom
Yredelemnul
The Shining One


Message History

The ogre hits you with a +0 giant club!
You hit the ogre but do no damage.
The ogre is severely wounded.
The ogre hits you with a +0 giant club!
* * * LOW HITPOINT WARNING * * *
You closely miss the ogre.
The ogre is severely wounded.
The ogre closely misses you.
You hit the ogre but do no damage.
The ogre is severely wounded.
You hit the ogre.
The ogre is almost dead.
The ogre misses you.
You hit the ogre.
The ogre is almost dead.
The ogre misses you.
You hit the ogre but do no damage.
The ogre is almost dead.
The ogre hits you with a +0 giant club!
You die...

....# ....#####
........# #### ###
....###.# #.. ..#
..#.# #.# #.# #.#
....# #.###.#####.#
.#### #........##.#
.##########.##.##.#
#.#.......#....O@.#
##........##.###.##
#.#.......##†# #..#
.##.......##<###..#
.##.......###...#.#
.##.......# #####.#
.##.......### ##..#
.###.#......###...#
)# #.##.......##.##
#####


You could see an ogre.

Vanquished Creatures
  6 adders
  A gnoll (D:2)
  4 worms
  2 leopard geckos (D:1)
  4 giant cockroaches (D:2)
  7 goblins
  11 hobgoblins
  8 jackals
  4 quokkas
  7 bats
  7 frilled lizards
  7 kobolds
  8 rats
76 creatures vanquished.

Notes
Turn   | Place    | Note
-------+----------+-------------------------------------------
     0 | D:1      | Devinter the Merfolk Warper began the quest for the Orb.
     0 | D:1      | Reached XP level 1. HP: 16/16 MP: 3/3
   126 | D:1      | Reached XP level 2. HP: 10/23 MP: 5/5
   198 | D:1      | Reached skill level 1 in Armour
   198 | D:1      | Reached skill level 3 in Dodging
   404 | D:1      | Reached XP level 3. HP: 23/28 MP: 6/6
   604 | D:1      | Reached skill level 3 in Fighting
   617 | D:1      | Reached skill level 4 in Polearms
   945 | D:2      | Reached skill level 5 in Polearms
   949 | D:2      | Learned a level 2 spell: Blink
   953 | D:2      | Learned a level 3 spell: Gell's Gravitas
   988 | D:2      | Reached XP level 4. HP: 35/35 MP: 7/7
  1704 | D:3      | Reached XP level 5. HP: 38/41 MP: 8/8
  1832 | D:3      | Found a glowing golden altar of the Shining One.
  1833 | D:3      | Found a basalt altar of Yredelemnul.
  1835 | D:3      | Found a hide-covered altar of Uskayaw.
  1836 | D:3      | Found an ancient bone altar of Kikubaaqudgha.
  1836 | D:3      | Found an iron altar of Okawaru.
  1836 | D:3      | Found a shimmering altar of Xom.
  1854 | D:3      | Became a worshipper of Warmaster Okawaru
  1931 | D:3      | Noticed an ogre
  2443 | D:3      | Slain by an ogre

Illustrated notes

Levels and vault maps discovered:
D:1:      dpeg_arrival_lava_altar, layout_loops_ring
D:2:      minmay_inner_zag, layout_loops_ring
D:3:      layout_loops_cross, grunt_temple_overflow_open

Skill      XL: |  1  2  3 |
---------------+----------+-----
Armour         | 1 |  1.0
Dodging        | 3 |  3.1
Fighting       | 3 |  3.0
Polearms       | 5 |  5.7
Throwing       | |  1.0
Spellcasting   | |  2.5
Translocations | |  2.8
Invocations    | |  0.1

Action                   |  1- 3 |  4- 6 || total
-------------------------+-------+-------++-------
Melee: Spear             |   168 |    11 ||   179
       Trident           |       |   151 ||   151
Throw: Boomerang         |       |     4 ||     4
  Use: Scroll            |       |     1 ||     1
 Stab: Sleeping          |       |     2 ||     2
Armor: Leather armour    |    28 |    19 ||    47
Dodge: Dodged            |    78 |    88 ||   166

Table legend: (Time is in decaauts)
 A = Elapsed time spent in this place.
 B = Non-inter-level travel time spent in this place.
 C = Inter-level travel time spent in this place.
 D = Time resting spent in this place.
 E = Time spent auto-exploring this place.
 F = Levels seen in this place.
 G = Mean time per level.
                   A        B        C        D        E       F      G
               +--------+--------+--------+--------+--------+-----+--------+
         Total |   2432 |   2348 |     84 |    222 |    540 |   3 |  810.7 |
       Dungeon |   2432 |   2348 |     84 |    222 |    540 |   3 |  810.7 |
               +--------+--------+--------+--------+--------+-----+--------+

Top non-repeatable levels by time:
     D:2: 977 daAuts
     D:1: 751 daAuts
     D:3: 703 daAuts
